 Dungeon Crawl Stone Soup version 0.23-a0-667-gc184e93 (console) character file.

3870 Duffy the Martial Artist (level 10, 70/70 HPs)
             Began as a Demonspawn Fire Elementalist on Jan 8, 2019.
             Was a High Priest of Cheibriados.
             Quit the game on level 8 of the Dungeon.
             The game lasted 00:12:51 (9567 turns).

Duffy the Martial Artist (DsFE)                     Turns: 9567, Time: 00:12:52

Health: 70/70      AC: 14    Str: 25    XL:     10   Next: 0%
Magic:  13/13      EV: 20    Int: 32    God:    Cheibriados [*****.]
Gold:   131        SH:  0    Dex: 26    Spells: 7/15 levels left

rFire    . . .     SeeInvis .     - Unarmed
rCold    . . .     Gourm    +   (no shield)
rNeg     . . .     Faith    .   M - +1 ring mail {MR+}
rPois    .         Spirit   .   k - +2 helmet
rElec    .         Reflect  .   x - +0 cloak
rCorr    .         Harm     .   (no gloves)
MR       +....                  J - +1 pair of boots {Fly}
Stlth    +++.......             G - amulet of the gourmand
HPRegen  0.21/turn              o - +5 ring of strength
MPRegen  0.13/turn              n - +4 ring of evasion

@: flying, very slow
A: claws 2, molten scales 1, low mp 1, nightstalker 1, spiny 1, MP-powered wands
a: Bend Time, Temporal Distortion, Slouch, Step From Time, Renounce Religion,
Stop Flying


You were on level 8 of the Dungeon.
You worshipped Cheibriados.
Cheibriados was extremely pleased with you.
You were very full.

You visited 2 branches of the dungeon, and saw 9 of its levels.

You collected 459 gold pieces.
You spent 328 gold pieces at shops.

Inventory:

Hand Weapons
 y - a +0 blowgun
Missiles
 z - 5 curare-tipped needles
Armour
 k - a +2 helmet (worn)
 s - a +1 leather armour
 x - a +0 cloak (worn)
 J - a +1 pair of boots of flying (worn)
 K - the +1 leather armour of Hysteria {rPois rF- MR+}
   (You bought it in a shop on level 7 of the Dungeon)

   It makes you vulnerable to fire.
   It protects you from poison.
   It affects your resistance to hostile enchantments.
 L - a +1 ring mail of poison resistance
 M - a +1 ring mail of magic resistance (worn)
Jewellery
 i - a +3 ring of dexterity
 n - a +4 ring of evasion (right claw)
 o - a +5 ring of strength (left claw)
 u - an uncursed ring of see invisible
 w - an uncursed ring of stealth
 A - an uncursed ring of protection from fire
 G - an amulet of the gourmand (around neck)
Wands
 j - a wand of iceblast (5)
 q - a wand of paralysis (6)
 C - a wand of flame (13)
 F - a wand of acid (7)
Scrolls
 a - a scroll of blinking {unknown}
 d - a scroll of noise {unknown}
 e - 5 scrolls of remove curse
 g - 2 scrolls of enchant armour
 h - 6 scrolls of teleportation
 m - 4 scrolls of enchant weapon {unknown}
 t - 2 scrolls of random uselessness {unknown}
 v - a scroll of amnesia {unknown}
 E - a scroll of magic mapping {unknown}
 I - a scroll of immolation {unknown}
Potions
 b - a potion of resistance
 f - 2 potions of brilliance
 l - 5 potions of curing
 p - 5 potions of heal wounds {unknown}
 r - a potion of might {unknown}
 B - a potion of flight {unknown}
 D - a potion of lignification {unknown}
 H - 2 potions of haste {unknown}
 O - 2 potions of agility
Comestibles
 c - 10 rations


   Skills:
 - Level 3.0 Fighting
 + Level 5.4 Dodging
 - Level 1.7 Stealth
 + Level 8.2 Unarmed Combat
 - Level 3.1 Spellcasting
 - Level 3.3 Conjurations
 - Level 3.6 Fire Magic
 + Level 7.3 Invocations
 - Level 4.6 Evocations


You had 7 spell levels left.
You knew the following spells:

 Your Spells              Type           Power        Failure   Level  Hunger
h - Flame Tongue          Conj/Fire      ####.        2%          1    None
j - Sticky Flame          Conj/Fire      ####....     22%         4    ####...
l - Conjure Flame         Conj/Fire      ####....     7%          3    ##.....

Your spell library contained the following spells:

 Spells                   Type           Power        Failure   Level  Hunger
 Throw Flame              Conj/Fire      ####..       3%          2    #......
 Animate Skeleton         Necr           N/A          10%         1    None
 Apportation              Tloc           #.....       10%         1    None
 Confusing Touch          Hex            #.....       10%         1    None
 Summon Small Mammal      Summ           #...         10%         1    None
 Inner Flame              Hex/Fire       ###.....     14%         3    ##.....
 Fireball                 Conj/Fire      ####......   54%         5    ######.


Dungeon Overview and Level Annotations

Branches:
Dungeon (8/15)             Temple (1/1) D:5
   Lair: D:8-11

Altars:
Ashenzari
Cheibriados
Dithmenos
Fedhas
Gozag
Hepliaklqana
Makhleb
Nemelex Xobeh
Okawaru
Qazlal
Ru
Sif Muna
Trog
Uskayaw
Vehumet
Wu Jian
Xom
Yredelemnul
Zin
The Shining One

Shops:
D:6 *   D:7 [


Innate Abilities, Weirdness & Mutations

You have very sharp fingernails.
You are partially covered in molten scales. (AC +2)
You are slightly more attuned to the shadows.
You are partially covered in sharp spines.
Your magical capacity is low. (-10% MP)
You expend magic power (3 MP) to strengthen your wands.


Message History

The orc shouts!
The leopard gecko hisses angrily.
You hear a shout!
An orc comes into view. It is wielding a +0 flail.
The orc shouts!
The leopard gecko completely misses you.
You mangle the leopard gecko!!
You kill the leopard gecko!
Cheibriados appreciates the change of pace.
A jackal comes into view.
The jackal barks!
You claw the orc!
You kill the orc!
Cheibriados thoroughly appreciates the change of pace.
You have reached level 10!
Your demonic ancestry asserts itself...
Sharp spines emerge from parts of your body.
A killer bee zombie comes into view.
The orc warrior is struck by your spines.
The orc warrior barely misses you.
You see here a leopard gecko corpse.
Are you sure you want to abandon this character and quit the game? (Confirm

....## ### ..###
#####..# ### ###......#
#..... ###........#
.....Z ##..........#
...... ####...........#
...?.. ##.............#
.h....
...............###o.....
...............##@o.....
...............##.######
...............?..#
#....)........##..#
#.............##..#
#.............###.#
#.............# #.#
.............. #..
..#........ ...#


You could see an orc warrior, an orc, a killer bee zombie (wandering) and a
jackal.

Vanquished Creatures
  Pikel (D:7)
  Joseph (D:7)
  Grinder (D:3)
  A hippogriff (D:8)
  Menkaure (D:6)
  Duvessa (D:7)
  3 ice beasts
  An orc warrior (D:5)
  4 slaves (D:7)
  A sky beast (D:6)
  4 ogres
  A phantom (D:5)
  2 big kobolds
  2 bullfrogs
  Dowan (D:7)
  2 scorpions (D:4)
  5 crimson imps
  A centaur zombie (D:6)
  4 hounds
  4 orc priests
  9 worker ants
  An iguana (D:7)
  5 orc wizards (D:5)
  2 hound skeletons (D:4)
  A howler monkey zombie (D:6)
  A worker ant zombie (D:5)
  14 gnolls
  10 adders
  A shadow imp (D:6)
  2 oozes (D:2)
  2 adder skeletons (D:4)
  2 worms (D:2)
  4 dart slugs
  The ghost of Duffy the Firebug, a weakling DsFE (D:3)
  6 leopard geckos
  26 orcs
  5 bats
  8 giant cockroaches
  6 goblins
  5 hobgoblins
  2 jackals
  4 quokkas
  3 ball pythons
  2 frilled lizards
  23 kobolds
  A quokka zombie (D:7)
  10 rats
197 creatures vanquished.

Notes
Turn   | Place    | Note
-------+----------+-------------------------------------------
     0 | D:1      | Duffy the Demonspawn Fire Elementalist began the quest for
                  | the Orb.
     0 | D:1      | Reached XP level 1. HP: 13/13 MP: 3/3
   321 | D:2      | Gained mutation: You are slightly more attuned to the
                  | shadows. [demonic ancestry]
   321 | D:2      | Reached XP level 2. HP: 2/19 MP: 0/5
  1665 | D:2      | Gained mutation: You have sharp fingernails. [demonic
                  | ancestry]
  1665 | D:2      | Reached XP level 3. HP: 24/24 MP: 3/6
  1727 | D:1      | Learned a level 3 spell: Conjure Flame
  2401 | D:2      | Gained mutation: You have very sharp fingernails. [demonic
                  | ancestry]
  2401 | D:2      | Reached XP level 4. HP: 30/30 MP: 2/7
  2485 | D:2      | Found a snail-covered altar of Cheibriados.
  2495 | D:2      | Became a worshipper of Cheibriados the Contemplative
  2587 | D:2      | Learned a level 4 spell: Sticky Flame
  2602 | D:2      | Found a glowing silver altar of Zin.
  2609 | D:2      | Noticed an angel
  2644 | D:2      | Found a shimmering altar of Xom.
  2752 | D:2      | Found an iron altar of Okawaru.
  3118 | D:4      | Reached skill level 1 in Evocations
  3118 | D:4      | Reached XP level 5. HP: 29/35 MP: 3/9
  3270 | D:4      | Reached skill level 1 in Unarmed Combat
  3390 | D:4      | Noticed a phantom
  3394 | D:5      | Entered Level 5 of the Dungeon
  3511 | D:4      | Gained mutation: Your magical capacity is low. (-10% MP)
                  | [potion of mutation]
  3511 | D:4      | Gained mutation: You expend magic power (3 MP) to
                  | strengthen your wands. [potion of mutation]
  3527 | D:4      | Reached XP level 6. HP: 38/41 MP: 1/9
  3605 | D:5      | Reached skill level 2 in Unarmed Combat
  3792 | D:5      | Reached * piety under Cheibriados
  4090 | D:4      | Found a shadowy altar of Dithmenos.
  4264 | D:4      | Reached ** piety under Cheibriados
  4287 | D:4      | Reached skill level 3 in Unarmed Combat
  4493 | D:3      | Reached XP level 7. HP: 46/46 MP: 6/10
  4791 | D:3      | Noticed Grinder
  4800 | D:3      | Killed Grinder
  4800 | D:3      | Reached skill level 4 in Unarmed Combat
  4887 | D:3      | Found a runed gate.
  4888 | D:3      | Found a runed gate.
  4888 | D:3      | Noticed Duffy's ghost (weakling DsFE)
  4889 | D:3      | Found a runed gate.
  4890 | D:3      | Identified the +2 dagger "Widowermaker" {chaos, rPois rF+
                  | Int+4 Dex-2}
  5295 | D:3      | Reached *** piety under Cheibriados
  6192 | D:3      | Killed Duffy's ghost
  6299 | D:5      | Reached skill level 5 in Unarmed Combat
  6371 | D:5      | Gained mutation: You are partially covered in molten
                  | scales. (AC +2) [demonic ancestry]
  6371 | D:5      | Reached XP level 8. HP: 26/52 MP: 4/11
  6463 | D:5      | Reached skill level 6 in Unarmed Combat
  6842 | D:5      | Found a staircase to the Ecumenical Temple.
  6895 | D:5      | Reached skill level 1 in Invocations
  6897 | D:5      | Reached skill level 1 in Fighting
  7145 | Temple   | Entered the Ecumenical Temple
  7511 | D:5      | Reached **** piety under Cheibriados
  8036 | D:6      | Found a hazy altar of Hepliaklqana.
  8122 | D:6      | Found Vanudy's Assorted Antiques.
  8129 | D:6      | Bought 2 bubbling purple potions for 36 gold pieces
  8129 | D:6      | Bought a viscous orange potion for 18 gold pieces
  8129 | D:6      | Bought 2 scrolls labeled JUXOIL FYILAST for 40 gold pieces
  8129 | D:6      | Bought a scroll labeled HOFOMP QYNLIK for 20 gold pieces
  8129 | D:6      | Bought a bubbling purple potion for 18 gold pieces
  8201 | D:6      | Found a burning altar of Makhleb.
  8336 | D:6      | Found a bloodstained altar of Trog.
  8339 | D:6      | Found a glowing golden altar of the Shining One.
  8339 | D:6      | Found a basalt altar of Yredelemnul.
  8363 | D:6      | Reached XP level 9. HP: 62/62 MP: 12/12
  8450 | D:6      | Reached skill level 7 in Unarmed Combat
  8611 | D:7      | Noticed Menkaure
  8615 | D:6      | Killed Menkaure
  8698 | D:7      | Found Oreq's Antique Armour Emporium.
  8707 | D:7      | Bought a spiked leather armour for 196 gold pieces
  8717 | D:7      | Identified the +1 leather armour of Hysteria {rPois rF-
                  | MR+} (You bought it in a shop on level 7 of the Dungeon)
  8734 | D:7      | Noticed Dowan
  8738 | D:7      | Noticed Duvessa
  8752 | D:7      | Killed Duvessa
  8760 | D:7      | Killed Dowan
  8865 | D:7      | Noticed a +0 hand axe
  8866 | D:7      | Found a hide-covered altar of Uskayaw.
  8866 | D:7      | Noticed a +0 dagger
  8873 | D:7      | Reached ***** piety under Cheibriados
  8882 | D:7      | Reached skill level 5 in Invocations
  8921 | D:7      | Noticed Joseph
  8932 | D:7      | Killed Joseph
  9134 | D:7      | Noticed Pikel
  9146 | D:7      | Killed Pikel
  9146 | D:7      | Reached skill level 5 in Dodging
  9146 | D:7      | Reached skill level 8 in Unarmed Combat
  9565 | D:8      | Gained mutation: You are partially covered in sharp spines.
                  | [demonic ancestry]
  9565 | D:8      | Reached XP level 10. HP: 70/70 MP: 13/13
  9567 | D:8      | Quit the game

Vault maps used:
D:1:      dpeg_arrival_solitude
D:2:      grunt_temple_overflow_order_and_chaos_1, kennysheep_slug_shrine,
          kennysheep_okawaru_gauntlet
D:3:      gammafunk_ghost_nasty_kobolds, first_ration, dk_noncrumbling_4,
          uniq_grinder
D:4:      lemuel_crystal_altar, minmay_mini_jars
D:5:      temple_hall
D:6:      grunt_temple_overflow_open, serial_shops, nicolae_shop_stone
D:7:      dancing_weapons_uskayaw, serial_shops, shop_fountains, uniq_pikel,
          uniq_joseph, uniq_duvessa, uniq_menkaure
D:8:      kiku_gazebo_pond_becter, erik_lair_orcish_takeover, enter_ossuary_4
Temple:   jpeg_temple_island

Skill      XL: |  1  2  3  4  5  6  7  8  9 |
---------------+----------------------------+-----
Conjurations   | 2 3 |  3.3
Fire Magic     | 3 |  3.6
Spellcasting   | 3 |  3.1
Evocations     | 1 2 3 4 |  4.6
Unarmed Combat | 1 3 5 6 8 |  8.2
Dodging        | 3 5 |  5.4
Invocations    | 3 7 |  7.3
Fighting       | 2 3 |  3.0
Stealth        | |  1.7

Action                   |  1- 3 |  4- 6 |  7- 9 | 10-12 || total
-------------------------+-------+-------+-------+-------++-------
Melee: Unarmed           |    27 |    49 |   365 |       ||   441
       Club              |     2 |       |       |       ||     2
       Punch             |       |       |    12 |       ||    12
 Cast: Flame Tongue      |    85 |    85 |     1 |       ||   171
       Conjure Flame     |       |     2 |       |       ||     2
       Sticky Flame      |       |       |     4 |       ||     4
Evoke: Wand              |       |     3 |     4 |       ||     7
  Use: Potion            |       |     2 |     1 |       ||     3
       Scroll            |       |     5 |     2 |       ||     7
 Stab: Paralysed         |       |    12 |       |       ||    12
       Sleeping          |       |     1 |    21 |       ||    22
       Distracted        |       |       |     3 |       ||     3
  Eat: Chunk             |     3 |     5 |    23 |       ||    31
       Ration            |     1 |       |       |       ||     1
Armor: Robe              |    33 |     2 |       |       ||    35
       Leather armour    |       |    25 |    79 |       ||   104
       Ring mail         |       |       |    22 |       ||    22
Dodge: Dodged            |    60 |    78 |   334 |     1 ||   473

Table legend:
 A = Non-vault XP
 B = Vault XP
 C = Vault XP percentage of total XP
 D = Non-vault monster count
 E = Vault monster count
 F = Vault count percentage of total count
                 A         B        C        D         E       F
            +---------+---------+-------+---------+---------+-------
      Total |    3632 |    1897 |  34.3 |     171 |      22 |  11.4
            +---------+---------+-------+---------+---------+-------
        D:1 |      32 |       0 |   0.0 |      19 |       0 |   0.0
        D:2 |      95 |       8 |   7.8 |      20 |       3 |  13.0
        D:3 |     211 |     401 |  65.5 |      29 |       9 |  23.7
        D:4 |     379 |      36 |   8.7 |      21 |       5 |  19.2
        D:5 |    1269 |       0 |   0.0 |      44 |       0 |   0.0
        D:6 |     573 |     172 |  23.1 |      15 |       1 |   6.2
        D:7 |     401 |    1280 |  76.1 |      13 |       4 |  23.5
        D:8 |     672 |       0 |   0.0 |      10 |       0 |   0.0
            +---------+---------+-------+---------+---------+-------
